 Dungeon Crawl Stone Soup version 0.28.0-49-g6dfe1f597d (webtiles) character file.

Game seed: 1615604192574183031

410 Revguard the Chopper (level 6, -19/47 HPs)
             Began as a Demonspawn Gladiator on May 11, 2022.
             Demolished by an ogre
             ... wielding a +0 giant club
              (24 damage)
             ... on level 4 of the Dungeon.
             The game lasted 00:08:20 (2719 turns).

Revguard the Chopper (Demonspawn Gladiator)         Turns: 2719, Time: 00:08:21

Health: -19/47     AC: 12    Str: 16    XL:     6   Next: 58%
Magic:  8/8        EV:  7    Int: 10    God:
Gold:   51         SH:  0    Dex: 14    Spells: 5/5 levels left

rFire   . . .      SeeInvis .   a - +0 war axe
rCold   . . .      Faith    .   (no shield)
rNeg    . . .      Spirit   .   i - +0 chain mail
rPois   .          Reflect  .   c - +0 helmet
rElec   .          Harm     .   (no cloak)
rCorr   .          Rampage  .   (no gloves)
Will    .....                   (no boots)
Stlth   ..........              (no amulet)
HPRegen 0.15/turn               (no ring)
MPRegen 0.22/turn               (no ring)

@: no status effects
A: icy blue scales 1, powered by pain 1, magic regeneration
a: no special abilities


You were on level 4 of the Dungeon.
You visited 1 branch of the dungeon, and saw 5 of its levels.

You collected 51 gold pieces.

Inventory:

Hand Weapons
 a - a +0 war axe (weapon)
Missiles
 d - a throwing net (quivered)
Armour
 c - a +0 helmet (worn)
 i - a +0 chain mail (worn)
Jewellery
 f - an amulet of guardian spirit
Wands
 p - a wand of flame (10)
Scrolls
 e - a scroll of teleportation {unknown}
 j - 2 scrolls of enchant armour {unknown}
 k - a scroll of immolation {unknown}
 l - a scroll of identify {unknown}
 o - a scroll of fog {unknown}
 q - a scroll of blinking {unknown}
Potions
 g - 4 potions of curing {unknown}
 h - 2 potions of berserk rage {unknown}
 m - 2 potions of heal wounds {unknown}
 n - a potion of haste {unknown}


   Skills:
 + Level 3.0 Fighting
 * Level 4.1 Axes
 - Level 1.7 Throwing
 * Level 2.8 Armour
 + Level 3.4 Dodging
 + Level 2.9 Invocations
 + Level 2.0 Evocations


You had 5 spell levels left.
You didn't know any spells.
Your spell library was empty.

Dungeon Overview and Level Annotations

Branches:
Dungeon (5/15)
 Temple: D:4-7

Altars:


Innate Abilities, Weirdness & Mutations

You are partially covered in icy blue scales. (AC +2)
You sometimes gain a little power by taking damage.
You regenerate magic rapidly.


Message History

The ball python bites you but does no damage.
The ball python constricts you.
You hit the ball python.
The ball python is moderately wounded.
The ball python bites you but does no damage.
The ball python constricts you.
You hit the ball python.
You kill the ball python!
You see here a ball python corpse.
You open the door.
An ogre comes into view. It is wielding a +0 giant club.
An ogre is nearby!
There is an open door here.
Throw: 2 throwing nets
Press: ? - help, Q - select action, (/) - cycle Shift-Dir - straight line, f - ogre
Aim: an ogre, wielding a +0 giant club (74% to hit)
You throw a throwing net. The throwing net hits the ogre.
The ogre is caught in the net!
The ogre struggles against the net.
The ogre struggles against the net. x2
You hit the ogre.
The ogre is moderately wounded.
The ogre struggles against the net.
The net rips apart, and the ogre comes free!
You slash the ogre!
The ogre is heavily wounded.
The ogre hits you but does no damage.
You hit the ogre.
The ogre is heavily wounded.
The ogre hits you with a +0 giant club!
You hit the ogre.
The ogre is almost dead.
The ogre hits you with a +0 giant club!!
Ouch! That really hurt!
* * * LOW HITPOINT WARNING * * *
You hit the ogre.
The ogre is almost dead.
The ogre hits you with a +0 giant club!!
Ouch! That really hurt!
You die...

#.. .. .. .. ..#.#
.#.# #+# ...# ####.#
## #..#...##.# #.
#O.#.#.##.# ##+
#@...#.##.# #..
#..###.##.## #..
######'###.....#####..
#..............#......
#..............#......
#.....................
#.........#...........
#.....................
#.........#....#......


You could see an ogre.

Vanquished Creatures
  Sigmund (D:2)
  A black bear (D:5)
  Jessica (D:2)
  An iguana (D:5)
  Robin (D:3)
  A gnoll (D:1)
  3 adders
  2 dart slugs
  2 endoplasms
  2 giant cockroaches (D:1)
  19 goblins
  3 hobgoblins
  6 kobolds
  A quokka (D:4)
  6 ball pythons
  2 bats
  2 frilled lizards (D:2)
  4 rats
58 creatures vanquished.

Notes
Turn   | Place    | Note
-------+----------+-------------------------------------------
     0 | D:1      | Revguard the Demonspawn Gladiator began the quest for the
                  | Orb.
     0 | D:1      | Reached XP level 1. HP: 16/16 MP: 1/1
   443 | D:1      | Gained mutation: You regenerate magic rapidly. [demonic
                  | ancestry]
   443 | D:1      | Reached XP level 2. HP: 21/22 MP: 2/2
   676 | D:1      | Reached skill level 3 in Axes
   909 | D:1      | Reached skill level 1 in Armour
   950 | D:1      | Found a faded altar of an unknown god.
  1087 | D:1      | Reached skill level 1 in Invocations
  1318 | D:2      | Gained mutation: You are partially covered in icy blue
                  | scales. (AC +2) [demonic ancestry]
  1318 | D:2      | Reached XP level 3. HP: 20/27 MP: 3/3
  1424 | D:2      | Noticed Sigmund
  1441 | D:2      | Killed Sigmund
  1442 | D:2      | Reached skill level 1 in Evocations
  1442 | D:2      | Reached XP level 4. HP: 26/34 MP: 3/5
  1442 | D:2      | Reached XP level 5. HP: 30/39 MP: 3/6
  1547 | D:2      | Noticed Jessica
  1560 | D:2      | Killed Jessica
  2377 | D:3      | Noticed Robin
  2388 | D:3      | Killed Robin
  2389 | D:3      | Gained mutation: You sometimes gain a little power by
                  | taking damage. [demonic ancestry]
  2389 | D:3      | Reached XP level 6. HP: 44/46 MP: 7/7
  2477 | D:3      | You fall into a shaft and drop 2 floors!
  2477 | D:5      | Entered Level 5 of the Dungeon
  2565 | D:5      | Reached skill level 4 in Axes
  2719 | D:4      | Demolished by an ogre

Illustrated notes

Levels and vault maps discovered:
D:1:      scummos_arrival_gate, layout_basic, hellmonk_ecumenical_altar_run_dry
D:2:      layout_loops_ring, skrybe_limestone_x, uniq_jessica, uniq_sigmund
D:3:      layout_loops_cross, saegor_snake_ambush, uniq_robin,
          uniq_crazy_yiuf_cottage
D:4:      layout_basic, lemuel_crystal_altar, sigmund_army
D:5:      layout_layer_cave, grunt_gozag_breadcrumbs,
          chequers_serial_rivers_micro_d, uniq_duvessa

Skill      XL: |  1  2  3  4  5  6 |
---------------+-------------------+-----
Axes           | 3 4 |  4.1
Armour         | 1 2 |  2.8
Invocations    | 1 2 |  2.9
Dodging        | 3 |  3.4
Evocations     | 1 2 |  2.0
Fighting       | 3 |  3.0
Throwing       | |  1.7

Action                   |  1- 3 |  4- 6 || total
-------------------------+-------+-------++-------
Melee: War axe           |    71 |   105 ||   176
       Punch             |     2 |     3 ||     5
Throw: Throwing net      |     2 |     1 ||     3
  Use: Potion            |       |     1 ||     1
 Stab: Invisible         |       |     4 ||     4
Armor: Leather armour    |    11 |       ||    11
       Chain mail        |    35 |    84 ||   119
Dodge: Dodged            |    33 |    67 ||   100
